 Dungeon Crawl Stone Soup version 0.27.1-1-g398f81649c (webtiles) character file.

Game seed: 7866272286790004303

1015 H0rd4k the Insei (level 8, -7/50 HPs)
             Began as an Octopode Transmuter on Sept 9, 2021.
             Was an Initiate of Gozag.
             Mangled by an orc warrior (24 damage)
             ... on level 6 of the Dungeon.
             The game lasted 00:06:35 (6969 turns).

H0rd4k the Insei (Octopode Transmuter)              Turns: 6969, Time: 00:06:36

Health: -7/50      AC:  2    Str: 15    XL:     8   Next: 21%
Magic:  10/12      EV: 21    Int: 18    God:    Gozag
Gold:   415        SH:  0    Dex: 17    Spells: 4/13 levels left

rFire    . . .     SeeInvis +     - Unarmed
rCold    . . .     Faith    .   (shield currently unavailable)
rNeg     . . .     Spirit   .   (helmet currently unavailable)
rPois    x         Reflect  .   (no amulet)
rElec    .         Harm     .   h - ring of see invisible
rCorr    .         Rampage  .   j - +6 ring of strength
Will     .....                  (no ring)
Stlth    ++........             (no ring)
HPRegen  0.16/turn              (no ring)
MPRegen  0.13/turn              (no ring)
                                (no ring)
                                (no ring)

@: spider-form, gold aura
A: venomous fangs, almost no armour, (amphibious), 8 rings, tiny, (camouflage
1), (gelatinous body 1), (nimble swimmer 1), (tentacles)
a: End Transformation, Renounce Religion, Potion Petition, Call Merchant, Bribe
Branch


You were on level 6 of the Dungeon.
You worshipped Gozag.
Gozag was aware of your devotion.
You were a venomous arachnid creature.
You visited 2 branches of the dungeon, and saw 7 of its levels.

You collected 450 gold pieces.
You paid 35 gold pieces to Gozag.

Inventory:

Jewellery
 h - a ring of see invisible (left front leg)
 j - a +6 ring of strength (right front leg)
Wands
 n - a wand of digging (1)
Scrolls
 c - 3 scrolls of noise {unknown}
 d - a scroll of amnesia {unknown}
 g - a scroll of holy word {unknown}
 l - a scroll of teleportation {unknown}
 m - 3 scrolls of fog {unknown}
 p - a scroll of vulnerability {unknown}
 r - 6 scrolls of identify {unknown}
 s - 2 scrolls of magic mapping {unknown}
 t - a scroll of blinking {unknown}
 v - a scroll of silence {unknown}
Potions
 a - a potion of heal wounds {unknown}
 b - 2 potions of might {unknown}
 e - 3 potions of attraction {unknown}
 f - 2 potions of haste {unknown}
 i - a potion of flight {unknown}
 k - a potion of mutation {unknown}
 o - a potion of magic {unknown}
 q - a potion of brilliance {unknown}
 u - 2 potions of lignification {unknown}


   Skills:
 + Level 2.1 Fighting
 + Level 3.6 Dodging
 + Level 6.9 Unarmed Combat
 * Level 3.2 Spellcasting
 * Level 3.6 Transmutations
 * Level 4.2 Poison Magic


You had 4 spell levels left.
You knew the following spells:

 Your Spells              Type           Power      Damage    Failure   Level
a - Beastly Appendage     Tmut           32%        N/A       12%         1
b - Spider Form           Tmut/Pois      8%         N/A       24%         3
c - Alistair's Intoxicat  Tmut/Pois      11%        N/A       83%         5

Your spell library contained the following spells:

 Spells                   Type           Power      Damage    Failure   Level
 Wereblood                Tmut           16%        N/A       16%         2
 Passwall                 Tmut/Erth      7%         N/A       28%         2
 Animate Skeleton         Necr           4%         N/A       34%         1
 Apportation              Tloc           4%         N/A       34%         1
 Sandblast                Erth           4%         2d4       34%         1
 Swiftness                Air            2%         N/A       65%         3
 Ice Form                 Ice/Tmut       9%         N/A       78%         4
 Invisibility             Hex            1%         N/A       100%        6


Dungeon Overview and Level Annotations

Branches:
Dungeon (6/15)             Temple (1/1) D:4

Altars:
Ashenzari
Cheibriados
Dithmenos
Elyvilon
Gozag
Makhleb
Okawaru
Ru
Sif Muna
Trog
Wu Jian
Yredelemnul
Zin

Annotations:
D:1 exclusion: downstairs
D:2 Sigmund
D:3 1 exclusion
D:5 exclusion: downstairs


Innate Abilities, Weirdness & Mutations

You are a venomous arachnid creature.
You have poisonous fangs.
You are tiny and dextrous.
Your spellcasting is less reliable in this form.
Your armour is entirely melded.
You are incapable of wielding weapons or throwing items.
You cannot wear most types of armour.
((You are amphibious.))
You can wear up to eight rings at the same time.
((Your skin changes colour to match your surroundings (Stealth+).))
((Your rubbery body absorbs attacks. (AC +1, EV +1)))
((You are camouflaged near water. (Stealth+)))
((You have tentacles for arms and can constrict up to eight enemies at once.))


Message History

The hound completely misses you.
You bite the hound!
You kill the hound!
You now have 415 gold pieces (gained 7).
Your transformation is almost over.
There is an open door here.
You open the door.
Your transformation has ended.
There is an open door here.
An orc is nearby!
An orc is nearby!
Casting: Spider Form (dangerous; 10% risk of failure)
Confirm with . or Enter, or press ? or * to list all spells.
You turn into a venomous arachnid creature.
You hit the orc but do no damage.
The orc is poisoned.
The orc completely misses you.
You barely miss the orc.
The orc is lightly wounded.
The orc hits you with a +0 whip.
You bite the orc!
You kill the orc!
An orc warrior opens the door.
Things that are here:
4 gold pieces; a +0 whip; a +0 ring mail The orc warrior shouts!
There are monsters nearby!
There are monsters nearby!
The orc priest shouts!
You hear a bark!
A hound comes into view.
The orc warrior completely misses you.
Found a twisted bone wand.
The orc priest mumbles some strange prayers to Beogh against you.
Pain shoots through your body!
The orc warrior hits you with a +0 halberd!!
The orc priest barely misses you.
You hit the orc priest.
The orc priest is poisoned.
The orc priest is lightly wounded.
The orc warrior hits you with a +0 halberd!!
You die...
Your body crumbles into a pile of gold.

.##.....##..
#..##..##.....####
#...... #......#..
#..... #......#..
#.... #......#.. #../
#......#.. ..###
#..###+##..##'####
......#.o##..##..##.#
.....hos....$.....#..
......#...........#..#
..... #...........#..'
.... ##+###########'#.
###


You could see an orc warrior, a hound and an orc priest (very poisoned).

Vanquished Creatures
  An ice beast (D:3)
  A necrophage (D:4)
  A bullfrog (D:5)
  A water moccasin skeleton (D:5)
  A centaur zombie (D:5)
  2 jellies (D:6)
  An orc priest (D:6)
  5 hounds
  A bullfrog skeleton (D:5)
  A centaur skeleton (D:6)
  4 iguanas
  Jessica (D:2)
  A scorpion zombie (D:5)
  Ijyb (D:3)
  An orc wizard (D:5)
  8 adders
  4 ufetubi
  An adder skeleton (D:4)
  3 worms
  A dart slug (D:2)
  8 orcs
  5 ball pythons
  3 endoplasms
  2 giant cockroaches
  11 goblins
  6 hobgoblins
  10 jackals
  6 kobolds
  6 quokkas
  8 bats
  2 frilled lizards
  6 rats
113 creatures vanquished.

Notes
Turn   | Place    | Note
-------+----------+-------------------------------------------
     0 | D:1      | H0rd4k the Octopode Transmuter began the quest for the Orb.
     0 | D:1      | Reached XP level 1. HP: 13/13 MP: 3/3
   109 | D:1      | Got Qudaschu's Spellweaving for Rookies
   137 | D:1      | Reached XP level 2. HP: 13/18 MP: 5/5
  1140 | D:1      | Reached XP level 3. HP: 19/23 MP: 6/6
  1335 | D:1      | Learned a level 3 spell: Spider Form
  1977 | D:2      | Reached skill level 4 in Unarmed Combat
  2066 | D:2      | Reached XP level 4. HP: 21/28 MP: 7/7
  2068 | D:2      | Noticed Jessica
  2203 | D:2      | Found a faded altar of an unknown god.
  2222 | D:2      | Noticed Sigmund
  2357 | D:2      | Killed Jessica
  2717 | D:3      | Reached skill level 1 in Poison Magic
  2717 | D:3      | Reached XP level 5. HP: 25/33 MP: 4/8
  2909 | D:3      | Noticed an ice beast
  2922 | D:3      | Killed an ice beast
  2923 | D:3      | Reached skill level 5 in Unarmed Combat
  2923 | D:3      | Reached XP level 6. HP: 15/38 MP: 6/9
  3344 | D:3      | Noticed Ijyb
  3357 | D:3      | Killed Ijyb
  3453 | D:3      | Found a shimmering blue altar of Sif Muna.
  3903 | D:3      | Learned a level 5 spell: Alistair's Intoxication
  4705 | D:4      | Found a staircase to the Ecumenical Temple.
  4714 | Temple   | Entered the Ecumenical Temple
  4728 | Temple   | Became a worshipper of Gozag Ym Sagoz the Greedy
  4841 | D:4      | Noticed a necrophage
  4850 | D:4      | Killed a necrophage
  5154 | D:5      | Entered Level 5 of the Dungeon
  5167 | D:5      | Reached XP level 7. HP: 34/44 MP: 10/10
  5271 | D:5      | Reached skill level 6 in Unarmed Combat
  5405 | D:5      | Found a basalt altar of Yredelemnul.
  5451 | D:5      | Found an iron altar of Okawaru.
  5770 | D:5      | Found a burning altar of Makhleb.
  6025 | D:5      | Reached XP level 8. HP: 48/50 MP: 8/12
  6969 | D:6      | Mangled by an orc warrior

Illustrated notes

Levels and vault maps discovered:
D:1:      dpeg_arrival_subterranean_lakeside_camping, layout_basic
D:2:      layout_rooms, shapermc_ecumenical_altar_venn, uniq_sigmund,
          uniq_jessica
D:3:      layout_basic, nicolae_sif_muna_little_library, uniq_ijyb
D:4:      layout_loops_ring, minmay_temple_entry_statues_pillars,
          columned_hall_lemuel, kennysheep_crisscross
D:5:      layout_rooms, makhleb_heckhound_becter,
          mainiacjoe_overflow_catch_the_wave
D:6:      layout_gridville
Temple:   cyrus_circular_temple

Skill      XL: |  1  2  3  4  5  6  7  8 |
---------------+-------------------------+-----
Unarmed Combat | 4 5 6 |  6.9
Poison Magic   | 1 2 4 |  4.2
Dodging        | 3 |  3.6
Transmutations | 3 |  3.6
Fighting       | 2 |  2.1
Spellcasting   | 3 |  3.2

Action                   |  1- 3 |  4- 6 |  7- 9 || total
-------------------------+-------+-------+-------++-------
Melee: Unarmed           |    87 |   142 |    88 ||   317
       Constrict         |    24 |    17 |     4 ||    45
       Tentacles         |    12 |     8 |     4 ||    24
       Punch             |       |     3 |     2 ||     5
 Cast: Spider Form       |     1 |    12 |    14 ||    27
 Stab: Sleeping          |     5 |     3 |     5 ||    13
Armor: Skin              |    13 |    10 |     2 ||    25
Dodge: Dodged            |    69 |   103 |    85 ||   257
